3L
LONE STAR BC @ JACKSONVILLE SHARKS
08/22/2018
 
TOP OF THE 1ST
Lone Star BC batting - Pitching for Jacksonville Sharks : RHP Roger Garrett
Pitching: RHP Roger Garrett
Batting: LHB Ray Merrill 0-0: Foul Ball, location: 2F
0-1: Foul Ball, location: 2F
0-2: Ball
1-2: Fly out, F8 (Flyball, 8RM)
Batting: LHB Gregory Johnson 0-0: Ball
1-0: Ball
2-0: Foul Ball, location: 2F
2-1: Swinging Strike
2-2: Foul Ball, location: 2F
2-2: Foul Ball, location: 2F
2-2: Ground out 5-3 (Groundball, 56S)
Batting: LHB Tom Smith 0-0: Called Strike
0-1: Ball
1-1: Swinging Strike
1-2: Fly out, F7 (Flyball, 7LMF)
Top of the 1st over - 0 run(s), 0 hit(s), 0 error(s), 0 left on base; Lone Star 0 - Jacksonville 0
BOTTOM OF THE 1ST
Jacksonville Sharks batting - Pitching for Lone Star BC : RHP Floyd MacFadden
Pitching: RHP Floyd MacFadden
Batting: SHB Gregg Wagner 0-0: Ball
1-0: Ground out 4-3 (Groundball, 4M)
Batting: RHB Pedro Cruz 0-0: Ball
1-0: Called Strike
1-1: Fly out, F8 (Flyball, 8LM)
Batting: RHB Luis Muñóz 0-0: Foul Ball, location: 2F
0-1: Ball
1-1: Ball
2-1: Foul Ball, location: 2F
2-2: Foul Ball, location: 2F
2-2: Ground out 1-3 (Groundball, 13)
Bottom of the 1st over - 0 run(s), 0 hit(s), 0 error(s), 0 left on base; Lone Star 0 - Jacksonville 0
TOP OF THE 2ND
Lone Star BC batting - Pitching for Jacksonville Sharks : RHP Roger Garrett
Batting: RHB Toshitsugu Sakamoto 0-0: Ball
1-0: Called Strike
1-1: Called Strike
1-2: Strikes out swinging
Batting: SHB Matt Morris 0-0: Ground out 6-3 (Groundball, 6)
Batting: LHB Jeff Sharp 0-0: Foul Ball, location: 2F
0-1: Fly out, F9 (Line Drive, 89S)
Top of the 2nd over - 0 run(s), 0 hit(s), 0 error(s), 0 left on base; Lone Star 0 - Jacksonville 0
BOTTOM OF THE 2ND
Jacksonville Sharks batting - Pitching for Lone Star BC : RHP Floyd MacFadden
Batting: RHB Bertrand Sunter 0-0: Called Strike
0-1: Ball
1-1: Ball
2-1: Foul Ball, location: 2F
2-2: Ground out 5-3 (Groundball, 56)
Batting: SHB Dustin Tucker 0-0: Called Strike
0-1: DOUBLE (Flyball, 89M)
Batting: RHB Randolph Davis 0-0: Ball
1-0: Ground out 5-3 (Groundball, 56)
Batting: LHB Chris Henry 0-0: Called Strike
0-1: Ball
1-1: Called Strike
1-2: Ball
2-2: Ball
3-2: Ground out 1-3 (Groundball, 15S)
Bottom of the 2nd over - 0 run(s), 1 hit(s), 0 error(s), 1 left on base; Lone Star 0 - Jacksonville 0
TOP OF THE 3RD
Lone Star BC batting - Pitching for Jacksonville Sharks : RHP Roger Garrett
Batting: RHB Henry Potts 0-0: Ball
1-0: Called Strike
1-1: Ball
2-1: Ball
3-1: Base on Balls
Batting: RHB Thomas Dunlap 0-0: Called Strike
0-1: Ball
1-1: Foul Ball, location: 2F
1-2: Ball
2-2: Fly out, F9 (Flyball, 9M)
Batting: RHB Floyd MacFadden 0-0: Bunted foul
0-1: Ball
1-1: Sac Bunt - play at first, batter OUT! 1-4
Henry Potts to second
Batting: LHB Ray Merrill 0-0: Foul Ball, location: 2F
0-1: Ball
1-1: Swinging Strike
1-2: DOUBLE (Groundball, 3L)
Henry Potts scores
Batting: LHB Gregory Johnson 0-0: Ground out 6-3 (Groundball, 6)
Top of the 3rd over - 1 run(s), 1 hit(s), 0 error(s), 1 left on base; Lone Star 1 - Jacksonville 0
BOTTOM OF THE 3RD
Jacksonville Sharks batting - Pitching for Lone Star BC : RHP Floyd MacFadden
Batting: RHB Dave Knight 0-0: Called Strike
0-1: Ball
1-1: Fly out, F2 (Popup, 2LF)
Batting: RHB Roger Garrett 0-0: Called Strike
0-1: Ball
1-1: Ball
2-1: Foul Ball, location: 2F
2-2: Ball
3-2: Foul Ball, location: 2F
3-2: SINGLE (Groundball, 6)
Batting: SHB Gregg Wagner 0-0: Ball
1-0: SINGLE (Line Drive, 4D)
Roger Garrett to second
Batting: RHB Pedro Cruz 0-0: Ball
1-0: Ball
2-0: Ball
3-0: Base on Balls
Roger Garrett to third
Gregg Wagner to second
Batting: RHB Luis Muñóz 0-0: Called Strike
0-1: Foul Ball, location: 2F
0-2: Ground out 5-3 (Groundball, 56S)
Roger Garrett scores
Gregg Wagner to third
Pedro Cruz to second
Batting: RHB Bertrand Sunter 0-0: Ball
1-0: Foul Ball, location: 2F
1-1: Swinging Strike
1-2: Ball
2-2: Strikes out swinging
Bottom of the 3rd over - 1 run(s), 2 hit(s), 0 error(s), 2 left on base; Lone Star 1 - Jacksonville 1
TOP OF THE 4TH
Lone Star BC batting - Pitching for Jacksonville Sharks : RHP Roger Garrett
Batting: LHB Tom Smith 0-0: Called Strike
0-1: Ball
1-1: Ball
2-1: Foul Ball, location: 2F
2-2: SOLO HOME RUN (Flyball, 9D), Distance : 349 ft
Batting: RHB Toshitsugu Sakamoto 0-0: Ball
1-0: Ball
2-0: Ball
3-0: Called Strike
3-1: Foul Ball, location: 2F
3-2: Strikes out swinging
Batting: SHB Matt Morris 0-0: Ball
1-0: Foul Ball, location: 2F
1-1: Ground out 1-3 (Groundball, 13)
Batting: LHB Jeff Sharp 0-0: Called Strike
0-1: Ball
1-1: Ball
2-1: Hit by Pitch
Batting: RHB Henry Potts 0-0: Fly out, F8 (Flyball, 8LM)
Top of the 4th over - 1 run(s), 1 hit(s), 0 error(s), 1 left on base; Lone Star 2 - Jacksonville 1
BOTTOM OF THE 4TH
Jacksonville Sharks batting - Pitching for Lone Star BC : RHP Floyd MacFadden
Batting: SHB Dustin Tucker 0-0: Ball
1-0: Fly out, F4 (Popup, 4)
Batting: RHB Randolph Davis 0-0: Ball
1-0: SINGLE (Flyball, 89M)
Batting: LHB Chris Henry 0-0: Called Strike
0-1: Ball
1-1: Ball
2-1: Called Strike
2-2: Strikes out swinging
Batting: RHB Dave Knight 0-0: Swinging Strike
0-1: Foul Ball, location: 2F
0-2: Ground out 5-3 (Groundball, 56)
Bottom of the 4th over - 0 run(s), 1 hit(s), 0 error(s), 1 left on base; Lone Star 2 - Jacksonville 1
TOP OF THE 5TH
Lone Star BC batting - Pitching for Jacksonville Sharks : RHP Roger Garrett
Batting: RHB Thomas Dunlap 0-0: Called Strike
0-1: Swinging Strike
0-2: Strikes out swinging
Batting: RHB Floyd MacFadden 0-0: Ball
1-0: Called Strike
1-1: Swinging Strike
1-2: Foul Ball, location: 2F
1-2: Strikes out swinging
Batting: LHB Ray Merrill 0-0: Called Strike
0-1: Ball
1-1: Fly out, F8 (Flyball, 8LM)
Top of the 5th over - 0 run(s), 0 hit(s), 0 error(s), 0 left on base; Lone Star 2 - Jacksonville 1
BOTTOM OF THE 5TH
Jacksonville Sharks batting - Pitching for Lone Star BC : RHP Floyd MacFadden
Batting: RHB Roger Garrett 0-0: Called Strike
0-1: Foul Ball, location: 2F
0-2: Hit by Pitch
Batting: SHB Gregg Wagner 0-0: Fly out, F9 (Flyball, 89M)
Batting: RHB Pedro Cruz 0-0: Foul Ball, location: 2F
0-1: Fielders Choice at 2nd, 1-6 (Groundball, 15S)
Batting: RHB Luis Muñóz 0-0: Called Strike
0-1: Ball
1-1: Ball
2-1: Ball
3-1: Swinging Strike
3-2: Base on Balls
Pedro Cruz to second
Batting: RHB Bertrand Sunter 0-0: Foul Ball, location: 2F
0-1: Ball
1-1: Called Strike
1-2: Strikes out swinging
Bottom of the 5th over - 0 run(s), 0 hit(s), 0 error(s), 2 left on base; Lone Star 2 - Jacksonville 1
TOP OF THE 6TH
Lone Star BC batting - Pitching for Jacksonville Sharks : RHP Roger Garrett
Batting: LHB Gregory Johnson 0-0: Fly out, F6 (Popup, 6MD)
Batting: LHB Tom Smith 0-0: Ball
1-0: Fly out, F6 (Popup, 6MD)
Batting: RHB Toshitsugu Sakamoto 0-0: Ball
1-0: Ball
2-0: Ball
3-0: Base on Balls
Batting: SHB Matt Morris 0-0: Foul Ball, location: 2F
0-1: Fly out, F8 (Flyball, 8LD)
Top of the 6th over - 0 run(s), 0 hit(s), 0 error(s), 1 left on base; Lone Star 2 - Jacksonville 1
BOTTOM OF THE 6TH
Jacksonville Sharks batting - Pitching for Lone Star BC : RHP Floyd MacFadden
Batting: SHB Dustin Tucker 0-0: Ball
1-0: Foul Ball, location: 2F
1-1: Ball
2-1: Ball
3-1: Base on Balls
Batting: RHB Randolph Davis 0-0: Called Strike
0-1: Called Strike
0-2: Ball
1-2: Ball
2-2: Foul Ball, location: 2F
2-2: Foul Ball, location: 2F
2-2: Ball
3-2: Base on Balls
Dustin Tucker to second
Batting: LHB Chris Henry 0-0: DOUBLE (Line Drive, 9LM)
Dustin Tucker scores
Randolph Davis to third
Batting: RHB Dave Knight 0-0: Intentional Walk
Batting: RHB Roger Garrett 0-0: Ball
1-0: Grounds into double play, 6-2-3 (Groundball, 56D)
Chris Henry to third
Dave Knight to second
Batting: SHB Gregg Wagner 0-0: Ball
1-0: Called Strike
1-1: Ball
2-1: SINGLE (Line Drive, 9LM)
Chris Henry scores
Dave Knight to third
Runner from 3rd tries for Home, SAFE, throw made home
Gregg Wagner to second
Batting: RHB Pedro Cruz 0-0: SINGLE (Line Drive, 56D)
Gregg Wagner to third
Runner from 3rd tries for Home, SAFE, no throw or cutoff
Pitching: LHP José Reyna
Batting: RHB Luis Muñóz 0-0: Called Strike
0-1: Ball
1-1: Called Strike
1-2: Ground out 5-3 (Groundball, 5S)
Bottom of the 6th over - 4 run(s), 3 hit(s), 0 error(s), 1 left on base; Lone Star 2 - Jacksonville 5
TOP OF THE 7TH
Lone Star BC batting - Pitching for Jacksonville Sharks : RHP Roger Garrett
Batting: LHB Jeff Sharp 0-0: Ball
1-0: Ball
2-0: Ball
3-0: Called Strike
3-1: Fly out, F7 (Popup, 78S)
Batting: RHB Henry Potts 0-0: Foul Ball, location: 2F
0-1: Fly out, F8 (Flyball, 8RM)
Batting: RHB Thomas Dunlap 0-0: Foul Ball, location: 2F
0-1: Swinging Strike
0-2: Strikes out looking
Top of the 7th over - 0 run(s), 0 hit(s), 0 error(s), 0 left on base; Lone Star 2 - Jacksonville 5
BOTTOM OF THE 7TH
Jacksonville Sharks batting - Pitching for Lone Star BC : LHP José Reyna
Batting: RHB Bertrand Sunter 0-0: Swinging Strike
0-1: DOUBLE (Line Drive, 89XD)
Batting: SHB Dustin Tucker 0-0: Fly out, F1 (Line Drive, 13)
Batting: RHB Randolph Davis 0-0: Intentional Walk
Batting: LHB Chris Henry 0-0: Ball
1-0: Fielders Choice at 2nd, 6-4 (Groundball, 6M)
Bertrand Sunter to third
Batting: RHB Dave Knight 0-0: Ball
1-0: Foul Ball, location: 2F
1-1: SINGLE (Groundball, 6M)
Bertrand Sunter scores
Chris Henry to second
Batting: RHB Roger Garrett 0-0: Ball
1-0: Foul Ball, location: 2F
1-1: SINGLE (Flyball, 89M)
Chris Henry to third
Dave Knight to second
Runner from 3rd tries for Home, SAFE, no throw or cutoff
Pitching: RHP José Galindo
Batting: SHB Gregg Wagner 0-0: Ball
1-0: Ball
2-0: Ball
3-0: Called Strike
3-1: Base on Balls
Dave Knight to third
Roger Garrett to second
Batting: RHB Pedro Cruz 0-0: Ball
1-0: SINGLE (Line Drive, 4D)
Dave Knight scores
Roger Garrett to third
Gregg Wagner to second
Batting: RHB Luis Muñóz 0-0: Called Strike
0-1: Ground out 6-3 (Groundball, 6)
Bottom of the 7th over - 3 run(s), 4 hit(s), 0 error(s), 3 left on base; Lone Star 2 - Jacksonville 8
TOP OF THE 8TH
Lone Star BC batting - Pitching for Jacksonville Sharks : RHP Roger Garrett
Now in CF: Forest Simmons
Pinch Hitting: RHB José Rodríguez 0-0: Ball
1-0: Called Strike
1-1: Ball
2-1: Foul Ball, location: 2F
2-2: Ground out 5-3 (Groundball, 56)
Batting: LHB Ray Merrill 0-0: Ball
1-0: Ball
2-0: Foul Ball, location: 2F
2-1: Ball
3-1: Called Strike
3-2: Base on Balls
Batting: LHB Gregory Johnson 0-0: Ball
1-0: Ball
2-0: Foul Ball, location: 2F
2-1: Called Strike
2-2: Foul Ball, location: 2F
2-2: Ball
3-2: Fly out, F4 (Popup, 4M)
Batting: LHB Tom Smith 0-0: Swinging Strike
0-1: Fly out, F7 (Flyball, 78D)
Top of the 8th over - 0 run(s), 0 hit(s), 0 error(s), 1 left on base; Lone Star 2 - Jacksonville 8
BOTTOM OF THE 8TH
Jacksonville Sharks batting - Pitching for Lone Star BC : RHP José Galindo
Pitching: RHP José Mota
Batting: RHB Bertrand Sunter 0-0: Ball
1-0: Ground out 6-3 (Groundball, 6)
Batting: SHB Dustin Tucker 0-0: Ball
1-0: Ball
2-0: Ball
3-0: Called Strike
3-1: Foul Ball, location: 2F
3-2: Fly out, F7 (Flyball, 78M)
Batting: RHB Randolph Davis 0-0: Ground out 6-3 (Groundball, 56)
Bottom of the 8th over - 0 run(s), 0 hit(s), 0 error(s), 0 left on base; Lone Star 2 - Jacksonville 8
TOP OF THE 9TH
Lone Star BC batting - Pitching for Jacksonville Sharks : RHP Roger Garrett
Batting: RHB Toshitsugu Sakamoto 0-0: SINGLE (Groundball, 56)
Batting: SHB Matt Morris 0-0: Swinging Strike
0-1: Swinging Strike
0-2: Hit by Pitch
Toshitsugu Sakamoto to second
Batting: LHB Jeff Sharp 0-0: Ball
1-0: Called Strike
1-1: Ball
2-1: Called Strike
2-2: Ball
3-2: Fly out, F8 (Flyball, 89D)
Runner from 2nd tags up, OUT at 3rd
Batting: RHB Henry Potts 0-0: Ball
1-0: Foul Ball, location: 2F
1-1: Ball
2-1: Fly out, F9 (Flyball, 89M)
Top of the 9th over - 0 run(s), 1 hit(s), 0 error(s), 1 left on base; Lone Star 2 - Jacksonville 8
This league is powered by Out of the Park Baseball, the baseball management simulation game for PC, Mac and Linux
Monday, May 4th, 2015 - OOTP Baseball 15.6 Build 34